 Dungeon Crawl Stone Soup version 0.29.0-4-gdea44cf6ec (webtiles) character file.

Game seed: 8629069096388439425

136 qw the Chopper (level 5, -5/30 HPs)
             Began as a Tengu Warper on Aug 28, 2022.
             Was an Initiate of Okawaru.
             Slain by Menkaure (20 damage)
             ... on level 4 of the Dungeon.
             The game lasted 00:00:16 (3714 turns).

qw the Chopper (Tengu Warper)                       Turns: 3714, Time: 00:00:17

Health: -5/30      AC:  6    Str: 13    XL:     5   Next: 19%
Magic:  9/9        EV: 13    Int: 14    God:    Okawaru [......]
Gold:   193        SH:  0    Dex: 13    Spells: 8/8 levels left

rFire   . . .      SeeInvis .   Y - +2 hand axe
rCold   . . .      Faith    .   (no shield)
rNeg    . . .      Spirit   .   c - +0 ring mail
rPois   .          Reflect  .   (helmet restricted)
rElec   .          Harm     .   (no cloak)
rCorr   .          Rampage  .   j - +0 pair of gloves
Will    .....                   (boots unavailable)
Stlth   +.........              (no amulet)
HPRegen 0.10/turn               (no ring)
MPRegen 0.11/turn               (no ring)

@: flying quickly and evasively, quick
A: beak, talons 3, nimble flight
a: Renounce Religion


You were on level 4 of the Dungeon.
You worshipped Okawaru.
Okawaru was noncommittal.
You visited 1 branch of the dungeon, and saw 4 of its levels.

You collected 193 gold pieces.


Innate Abilities, Weirdness & Mutations

You have a beak for a mouth.
You have claws for feet.
Your magical nature lets you fly swiftly and evasively.


   Skills:
 - Level 2.0 Fighting
 + Level 5.7 Axes
 - Level 1.0 Throwing
 - Level 1.1 Armour
 - Level 2.1 Dodging
 - Level 2.0 Spellcasting
 - Level 2.4 Translocations


You had 8 spell levels left.
You didn't know any spells.
Your spell library contained the following spells:

 Spells                   Type           Power      Damage    Failure   Level
 Blink                    Tloc           16%        N/A       28%         2
 Gell's Gravitas          Tloc           8%         N/A       50%         3
 Lesser Beckoning         Tloc           8%         N/A       50%         3
 Teleport Other           Tloc           8%         N/A       50%         3
 Manifold Assault         Tloc           8%         N/A       99%         5

Inventory:

Hand Weapons
 a - a +3 demon whip of flaming
 Y - a +2 hand axe (weapon)
Missiles
 b - a boomerang (quivered)
Armour
 c - a +0 ring mail (worn)
 j - a +0 pair of gloves (worn)
Scrolls
 i - 3 scrolls of identify

Dungeon Overview and Level Annotations

Branches:
Dungeon (4/15)
 Temple: D:4-7

Altars:
Cheibriados
Elyvilon
Hepliaklqana
Okawaru
Vehumet

Annotations:
D:4 Menkaure


Message History

The iguana is heavily wounded.
The iguana barely misses you.
You hit the iguana.
The iguana is severely wounded.
The iguana barely misses you.
You hit the iguana but do no damage. You claw the iguana.
The iguana is almost dead.
The iguana bites you.
You barely miss the iguana. Your kick misses the iguana. You peck the iguana.
You kill the iguana!
Okawaru accepts your kill.
You have reached level 5!
Your magical nature develops, letting you fly swiftly and evasively.
You start resting.
HP restored.
There is an open door here.
Found 8 stones.
You see here 8 stones.
You reach down and open the door.
There is an open door here.
Found a robe.
Enter note: Menkaure, Prince of Dust comes into view.
Menkaure shouts!
3705 ||| Stepping ~*~*~tactically~*~*~ (hiding).
You start waiting.
Menkaure is nearby!
You hit Menkaure. You claw Menkaure.
Menkaure is lightly damaged.
Menkaure forgets how to speak, silenced by the ages.
Menkaure hits you!
Ouch! That really hurt!
You hit Menkaure.
Menkaure is moderately damaged.
Menkaure barely misses you.
You hit Menkaure. Your peck misses Menkaure.
Menkaure is heavily damaged.
Menkaure hits you!!
Ouch! That really hurt!
You die...

... ## ##. #... #..
... .. #... #.#
#.#.. #...
#.#####.#..# #...
####..........#
#...
#....#..##.##.###.
.####...
#'##.#...#........
........
##.######...M......
........
#8.8#.#...#@####..
>.......
##.##.#..##.#
####....
##.##...###.# #....
#8.8##### #.# #....
##.## #.. #....
##.## ### #....
#8.8# ###... #
##.## # #.....
#8##8##.##8##8#
#.##.#


You could see Menkaure.

Vanquished Creatures
  An iguana (D:4)
  6 adders
  A worm (D:2)
  2 dart slugs
  5 endoplasms
  4 giant cockroaches
  2 goblins
  4 hobgoblins
  3 quokkas
  7 ball pythons
  8 frilled lizards
  5 kobolds
  10 rats
58 creatures vanquished.

Notes
Turn   | Place    | Note
-------+----------+-------------------------------------------
     0 | D:1      | qw the Tengu Warper began the quest for the Orb.
     0 | D:1      | Reached XP level 1. HP: 12/12 MP: 4/4
     0 | D:1      | 0 ||| qw: Version: 0.1-a-89-g26bdef1
     0 | D:1      | 0 ||| qw: Game counter: 597
     0 | D:1      | 0 ||| qw: Always use a shield: true
     0 | D:1      | 0 ||| qw: God list: Okawaru
     0 | D:1      | 0 ||| qw: Allow faded altars: false
     0 | D:1      | 0 ||| qw: Do Orc after D:15 true
     0 | D:1      | 0 ||| qw: Do second Lair branch before Depths: true
     0 | D:1      | 0 ||| qw: Lair rune preference: random
     0 | D:1      | 0 ||| qw: Plans: Normal
     0 | D:1      | 0 ||| PLANNING D:1-11
   201 | D:1      | 201 ||| Stepping ~*~*~tactically~*~*~ (stealth).
   394 | D:1      | Reached skill level 3 in Axes
   394 | D:1      | Reached XP level 2. HP: 17/17 MP: 6/6
  1022 | D:1      | 1022 ||| UPGRADING to +0 pair of gloves.
  1027 | D:1      | 1027 ||| READING scroll labelled JYMMAC PAXEHO.
  1028 | D:1      | 1028 ||| READING 3 scrolls labelled HYNIKHAOCH.
  1029 | D:1      | 1029 ||| READING 2 scrolls labelled YTORHO SOBRION.
  1030 | D:1      | 1030 ||| DROPPING scroll of blinking.
  1031 | D:1      | 1031 ||| DROPPING 2 scrolls of magic mapping.
  1142 | D:2      | 1142 ||| FLEEEEING.
  1143 | D:2      | 1143 ||| FLEEEEING.
  1144 | D:2      | 1144 ||| FLEEEEING.
  1145 | D:2      | 1145 ||| FLEEEEING.
  1146 | D:2      | 1146 ||| FLEEEEING.
  1147 | D:2      | 1147 ||| FLEEEEING.
  1148 | D:2      | 1148 ||| FLEEEEING.
  1149 | D:2      | 1149 ||| FLEEEEING.
  1150 | D:2      | 1150 ||| FLEEEEING.
  1151 | D:2      | 1151 ||| FLEEEEING.
  1152 | D:2      | 1152 ||| FLEEEEING.
  1153 | D:2      | 1153 ||| FLEEEEING.
  1154 | D:2      | 1154 ||| FLEEEEING.
  1155 | D:2      | 1155 ||| FLEEEEING.
  1156 | D:2      | 1156 ||| FLEEEEING.
  1157 | D:2      | 1157 ||| FLEEEEING.
  1158 | D:2      | 1158 ||| FLEEEEING.
  1159 | D:2      | 1159 ||| FLEEEEING.
  1160 | D:2      | 1160 ||| FLEEEEING.
  1161 | D:2      | 1161 ||| FLEEEEING.
  1162 | D:2      | 1162 ||| FLEEEEING.
  1163 | D:2      | 1163 ||| FLEEEEING.
  1164 | D:2      | 1164 ||| FLEEEEING.
  1165 | D:2      | 1165 ||| FLEEEEING.
  1166 | D:2      | 1166 ||| FLEEEEING.
  1167 | D:2      | 1167 ||| FLEEEEING.
  1168 | D:2      | 1168 ||| STAIRDANCE
  1207 | D:1      | 1207 ||| READING scroll labelled ZOANLA KEXTI.
  1208 | D:1      | 1208 ||| READING 2 scrolls of identify.
  1208 | D:1      | 1208 ||| IDENTIFYING metallic black potion
  1209 | D:1      | 1209 ||| DROPPING potion of degeneration.
  1385 | D:2      | 1385 ||| Stepping ~*~*~tactically~*~*~ (stealth).
  1388 | D:2      | 1388 ||| Stepping ~*~*~tactically~*~*~ (stealth).
  1416 | D:2      | 1416 ||| DROPPING +0 club.
  1464 | D:2      | HP: 3/17 [worm (8)]
  1468 | D:2      | Reached XP level 3. HP: 4/21 MP: 7/7
  1760 | D:2      | Reached skill level 4 in Axes
  1984 | D:2      | 1984 ||| FLEEEEING.
  1985 | D:2      | 1985 ||| FLEEEEING.
  2077 | D:2      | 2077 ||| Stepping ~*~*~tactically~*~*~ (stealth).
  2091 | D:2      | 2091 ||| Stepping ~*~*~tactically~*~*~ (stealth).
  2233 | D:2      | 2233 ||| UPGRADING to +0 ring mail.
  2243 | D:2      | 2243 ||| DROPPING +0 leather armour.
  2244 | D:2      | 2244 ||| READING 2 scrolls of identify.
  2244 | D:2      | 2244 ||| IDENTIFYING fizzy pink potion
  2245 | D:2      | 2245 ||| DROPPING potion of brilliance.
  2257 | D:3      | Reached XP level 4. HP: 26/26 MP: 8/8
  2664 | D:3      | Reached skill level 5 in Axes
  2868 | D:3      | Found a snail-covered altar of Cheibriados.
  2868 | D:3      | Found a radiant altar of Vehumet.
  2876 | D:3      | Found an iron altar of Okawaru.
  2878 | D:3      | Found a white marble altar of Elyvilon.
  2880 | D:3      | Found a hazy altar of Hepliaklqana.
  2884 | D:3      | Became a worshipper of Warmaster Okawaru
  2949 | D:3      | 2949 ||| READING scroll of enchant weapon.
  2949 | D:3      | 2949 ||| ENCHANTING +1 hand axe.
  3030 | D:3      | 3030 ||| READING scroll labelled QIASEF WIETS.
  3031 | D:3      | 3031 ||| READING 3 scrolls of identify.
  3031 | D:3      | 3031 ||| IDENTIFYING emerald potion
  3032 | D:3      | 3032 ||| DROPPING potion of invisibility.
  3078 | D:4      | 3078 ||| Stepping ~*~*~tactically~*~*~ (hiding).
  3456 | D:4      | Gained mutation: Your magical nature lets you fly swiftly
                  | and evasively. [Tengu growth]
  3456 | D:4      | Reached XP level 5. HP: 9/30 MP: 9/9
  3704 | D:4      | Noticed Menkaure
  3705 | D:4      | 3705 ||| Stepping ~*~*~tactically~*~*~ (hiding).
  3714 | D:4      | Slain by Menkaure

Levels and vault maps discovered:
D:1:      dpeg_arrival_round_a, layout_loops_corners
D:2:      layout_rooms, minmay_lizard_pond
D:3:      layout_basic, chequers_temple_overflow_minitemple
D:4:      layout_loops_cross, dk_noncrumbling_2, uniq_menkaure

Skill      XL: |  1  2  3  4 |
---------------+-------------+-----
Axes           | 3 4 5 |  5.7
Fighting       | |  2.0
Throwing       | |  1.0
Armour         | |  1.1
Dodging        | |  2.1
Spellcasting   | |  2.0
Translocations | |  2.4

Action                   |  1- 3 |  4- 6 || total
-------------------------+-------+-------++-------
Melee: Hand axe          |    78 |    53 ||   131
       Peck              |    14 |     7 ||    21
       Kick              |    17 |    11 ||    28
       Punch             |     1 |     1 ||     2
Throw: Boomerang         |     7 |    29 ||    36
  Use: Scroll            |     6 |     3 ||     9
Armor: Leather armour    |    20 |       ||    20
       Ring mail         |       |    13 ||    13
Dodge: Dodged            |    24 |    28 ||    52

Table legend:
 A = Non-vault XP
 B = Vault XP
 C = Vault XP percentage of total XP
 D = Non-vault monster count
 E = Vault monster count
 F = Vault count percentage of total count
                 A         B        C        D         E       F
            +---------+---------+-------+---------+---------+-------
      Total |     191 |       4 |   2.1 |      54 |       4 |   6.9
            +---------+---------+-------+---------+---------+-------
        D:1 |      12 |       0 |   0.0 |       8 |       0 |   0.0
        D:2 |      62 |       4 |   6.1 |      22 |       4 |  15.4
        D:3 |      61 |       0 |   0.0 |      18 |       0 |   0.0
        D:4 |      56 |       0 |   0.0 |       6 |       0 |   0.0
            +---------+---------+-------+---------+---------+-------
